 Dungeon Crawl Stone Soup version 0.32-a0-686-gc880bc2 (webtiles) character file.

Game seed: 13164835816493969928

98 Toastz the Changeling (level 4, -1/29 HPs)
             Began as an Octopode Shapeshifter on Mar 12, 2024.
             Was an Initiate of Fedhas.
             Slain by a gnoll
             ... wielding a +0 spear
              (5 damage)
             ... on level 3 of the Dungeon.
             The game lasted 00:03:50 (1904 turns).

Toastz the Changeling (Octopode Shapeshifter)       Turns: 1904, Time: 00:03:51

Health: -1/29      AC:  1    Str: 15    XL:     4   Next: 69%
Magic:  4/4        EV: 13    Int: 12    God:    Fedhas [......]
Gold:   85         SH:  0    Dex: 11    Spells: 3/3 levels left

rFire   . .          .
                       - Unarmed
rCold   . . .        (no shield)
rNeg    . . .        (helmet currently unavailable)
rPois   .            (no amulet)
rElec   .            f - ring of willpower
rCorr   .            (no ring)
SInv    .            (no ring)
Will    +....        (no ring)
Stlth   +++          (no ring)
HPRegen 0.24/turn    (no ring)
MPRegen 0.09/turn    (no ring)
                     (no ring)

%: no passive effects
@: beast-form
A: beast (slay +2), almost no armour, amphibious, 8 rings, camouflage 1,
gelatinous body 1, nimble swimmer 1, tentacles
a: Begin Untransformation, Renounce Religion


You were on level 3 of the Dungeon.
You worshipped Fedhas.
Fedhas was noncommittal.
You were a hulking beast.
You visited 1 branch of the dungeon, and saw 3 of its levels.

You collected 85 gold pieces.

Inventory:

Jewellery
 f - a ring of willpower (left tentacle)
Talismans
 b - a beast talisman (active)
 c - a flux talisman
Scrolls
 e - a scroll of poison {unknown}
 h - a scroll of blinking {unknown}
 i - a scroll of immolation {unknown}
 j - a scroll of identify {unknown}
 k - a scroll of amnesia {unknown}
Potions
 a - 2 potions of lignification
 d - 2 potions of heal wounds {unknown}
 g - 2 potions of curing {unknown}


   Skills:
 - Level 1.7 Fighting
 - Level 2.4 Dodging
 - Level 3.3 Unarmed Combat
 * Level 4.3 Shapeshifting


You had 3 spell levels left.
You didn't know any spells.
Your spell library contained the following spells:

 Spells                   Type           Power      Damage    Failure   Level
 Sting                    Conj/Alch      0%         1d3       32%         1
 Cigotuvi's Dreadful Rot  Necr/Alch/Air  0%         N/A       45%         2
 Mercury Vapours          Alch/Air       0%         N/A       45%         2
 Ignite Poison            Fire/Alch      0%         N/A       97%         4
 Olgreb's Toxic Radiance  Alch           0%         N/A       97%         4
 Freezing Cloud           Conj/Ice/Air   0%         6-21      100%        5


Dungeon Overview and Level Annotations

Branches:
Dungeon (3/15)

Altars:
Fedhas


Innate Abilities, Weirdness & Mutations

You are a hulking beast.
Your limbs bulge with bestial killing power. (Slay +2)
You cannot wear most types of armour.
You are amphibious.
You can wear up to eight rings at the same time.
Your skin changes colour to match your surroundings (Stealth+).
Your rubbery body absorbs attacks. (AC +1, EV +1)
You are camouflaged when in or above water. (Stealth+)
You have tentacles for arms and can constrict up to eight enemies at once.


Message History

You tentacle-slap the kobold. You grab the kobold.
The kobold is severely wounded.
You constrict the kobold.
You kill the kobold!
Fedhas appreciates your contribution to the ecosystem.
The gnoll attacks as it pursues you!
The gnoll splashes around in the water.
The gnoll splashes around in the water.
The gnoll barely misses you. The gnoll closely misses you.
The gnoll barely misses you.
You tentacle-slap the gnoll. You grab the gnoll.
The gnoll is moderately wounded.
You constrict the gnoll. The gnoll barely misses you.
The gnoll closely misses you.
You tentacle-slap the gnoll.
The gnoll is heavily wounded.
You constrict the gnoll.
You kill the gnoll!
Fedhas appreciates your contribution to the ecosystem.
You hear a splash.
You tentacle-slap the gnoll but do no damage.
You grab the gnoll. You constrict the gnoll. The gnoll hits you with a +0 whip.
You tentacle-slap the gnoll.
The gnoll is heavily wounded.
You constrict the gnoll. The gnoll closely misses you.
You tentacle-slap the gnoll.
The gnoll is severely wounded.
You constrict the gnoll. The gnoll hits you with a +0 whip.
You bludgeon the gnoll!
You kill the gnoll!
Fedhas appreciates your contribution to the ecosystem.
A gnoll is nearby!
Found a potion of lignification.
The gnoll hits you with a +0 spear!
You tentacle-slap the gnoll. You grab the gnoll. You squeeze the gnoll!
The gnoll is severely wounded.
You constrict the gnoll. The gnoll hits you with a +0 spear!
* * * LOW HITPOINT WARNING * * *
You release your grip on the gnoll.
You enter the shallow water.
The gnoll hits you from afar with a +0 spear.
You die...
Fedhas appreciates your contribution to the ecosystem.

...>............................
.......~~~.............########
##..~≈~≈≈≈~)...<......# #
#..~≈≈≈≈≈≈≈~...######.#
#.#.~≈≈~~~≈≈≈≈).## #.#
#..†~≈~~P>♣~~≈≈..## #.#
##.≈≈≈~.P♣.P~≈~~..# #.# ####
#.~≈≈≈P._♣♣~≈≈~..# #.# #...
#.~~≈~P.♣.P≈≈)h..# #.# #...
#..≈≈~~P<.~≈≈≈..+### #...
##.~≈~≈~~≈≈≈~g......# ####
#..~~≈≈≈≈≈≈~.......#
##..~~≈≈~~~..........
#....~~~............
#.##................ .. #.
#..###.........!. .. #. #.##
....##+###.. .


You could see a gnoll.

Vanquished Creatures
  An adder (D:2)
  3 gnolls (D:3)
  3 dart slugs
  2 ribbon worms
  An orc (D:3)
  4 bats
  5 endoplasms
  3 giant cockroaches
  6 goblins
  3 hobgoblins
  2 quokkas (D:2)
  5 ball pythons
  A frilled lizard (D:2)
  6 kobolds
  3 rats
48 creatures vanquished.

Notes
Turn   | Place    | Note
-------+----------+-------------------------------------------
     0 | D:1      | Toastz the Octopode Shapeshifter began the quest for the
                  | Orb.
     0 | D:1      | Reached XP level 1. HP: 13/13 MP: 1/1
    90 | D:1      | Reached XP level 2. HP: 14/18 MP: 2/2
  1003 | D:2      | Reached XP level 3. HP: 23/23 MP: 3/3
  1472 | D:2      | Found a faded altar of an unknown god.
  1493 | D:2      | Reached XP level 4. HP: 26/29 MP: 4/4
  1787 | D:3      | Found a blossoming altar of Fedhas.
  1803 | D:3      | Reached skill level 4 in Shapeshifting
  1835 | D:3      | Became a worshipper of Fedhas Madash
  1904 | D:3      | Slain by a gnoll

Illustrated notes

Levels and vault maps discovered:
D:1:      psy_arrival_radial02, layout_loops_ring, hangedman_decor_slide_cut,
          hex_tiny, nicolae_concentric_dashed_squares_mild
D:2:      layout_rooms, ebering_ecumenical_altar_mist
D:3:      layout_basic, fedhas_ov_isle_minmay, nicolae_overflow_hidden_temple,
          amcnicky_mini_pool_small, nicolae_the_louvre, uniq_robin

Skill      XL: |  1  2  3  4 |
---------------+-------------+-----
Shapeshifting  | 4 |  4.3
Fighting       | |  1.7
Dodging        | |  2.4
Unarmed Combat | |  3.3

Action                     |  1- 3 |  4- 6 || total
---------------------------+-------+-------++-------
  Melee: Unarmed           |    62 |    19 ||    81
         Tentacles         |    10 |     3 ||    13
         Constrict         |    17 |     7 ||    24
         Punch             |     1 |       ||     1
   Stab: Sleeping          |     8 |     1 ||     9
 Armour: Skin              |    38 |    11 ||    49
  Dodge: Dodged            |    29 |    11 ||    40

Table legend: (Time is in decaauts)
 A = Elapsed time spent in this place.
 B = Non-inter-level travel time spent in this place.
 C = Inter-level travel time spent in this place.
 D = Time resting spent in this place.
 E = Time spent auto-exploring this place.
 F = Levels seen in this place.
 G = Mean time per level.
                   A        B        C        D        E       F      G
               +--------+--------+--------+--------+--------+-----+--------+
         Total |   1902 |   1827 |     75 |    117 |   1326 |   3 |  634.0 |
       Dungeon |   1902 |   1827 |     75 |    117 |   1326 |   3 |  634.0 |
               +--------+--------+--------+--------+--------+-----+--------+

Top non-repeatable levels by time:
     D:1: 1027 daAuts
     D:2: 593 daAuts
     D:3: 281 daAuts
